 Dungeon Crawl Stone Soup version 0.23.0 (webtiles) character file.

Game seed: 16762502835109775111

805 LostNumber the Ruffian (level 7, 0/59 HPs)
             Began as a Green Draconian Transmuter on Feb 11, 2019.
             Slain by an orc warrior
             ... wielding a +0 long sword
              (17 damage)
             ... on level 6 of the Dungeon.
             The game lasted 00:07:35 (5191 turns).

LostNumber the Ruffian (Green Draconian Transmuter) Turns: 5191, Time: 00:07:36

Health: 0/59       AC:  2    Str: 13    XL:     7   Next: 60%
Magic:  7/13       EV: 19    Int: 15    God:
Gold:   280        SH:  0    Dex: 16    Spells: 4/14 levels left

rFire    . . .     SeeInvis .     - Unarmed
rCold    . . .     Gourm    .   (shield currently unavailable)
rNeg     . . .     Faith    .   (armour unavailable)
rPois    x         Spirit   .   (helmet currently unavailable)
rElec    .         Reflect  .   (cloak currently unavailable)
rCorr    .         Harm     .   (gloves currently unavailable)
MR       .....                  (boots currently unavailable)
Stlth    +.........             (no amulet)
HPRegen  0.19/turn              (no ring)
MPRegen  0.13/turn              (no ring)

@: short of breath, spider-form, very slightly contaminated
A: tiny, (breathe noxious fumes), unfitting armour, AC +6
a: End Transformation


You were on level 6 of the Dungeon.
You were not hungry.
You were a venomous arachnid creature.
You visited 1 branch of the dungeon, and saw 6 of its levels.

You collected 280 gold pieces.

Inventory:

Missiles
 a - 72 arrows
Armour
 d - a +0 pair of gloves (melded)
   (You found it on level 1 of the Dungeon)
Wands
 u - a wand of paralysis (28)
   (You found it on level 3 of the Dungeon)
 v - a wand of enslavement (9)
   (You found it on level 6 of the Dungeon)
Scrolls
 b - 2 scrolls of noise {unknown}
 f - 2 scrolls of enchant armour {unknown}
 g - a scroll of teleportation {unknown}
 h - 5 scrolls of remove curse {unknown}
 k - 2 scrolls of blinking {unknown}
 n - 9 scrolls of identify {unknown}
 p - a scroll of fear {unknown}
 r - 2 scrolls of immolation {unknown}
 s - 4 scrolls of fog {unknown}
 t - a scroll of enchant weapon {unknown}
Potions
 c - 4 potions of flight {unknown}
 i - 2 potions of berserk rage {unknown}
 j - 6 potions of curing {unknown}
 l - 2 potions of degeneration {unknown}
 m - 3 potions of mutation {unknown}
 o - 2 potions of resistance
 q - a potion of ambrosia {unknown}
 w - a potion of magic {unknown}
Comestibles
 e - 9 rations {!d}
 x - 4 chunks of flesh


   Skills:
 + Level 4.2 Fighting
 - Level 1.7 Dodging
 * Level 6.1 Unarmed Combat
 + Level 4.0 Spellcasting
 + Level 4.2 Transmutations


You had 4 spell levels left.
You knew the following spells:

 Your Spells              Type           Power        Failure   Level  Hunger
a - Beastly Appendage     Tmut           ###...       11%         1    None
c - Ice Form              Ice/Tmut       #.......     78%         4    ####...
s - Sticks to Snakes      Tmut           ###.....     14%         2    ##.....
x - Spider Form           Tmut/Pois      #.........   43%         3    ###....

Your spell library contained the following spells:

 Spells                   Type           Power        Failure   Level  Hunger
 Blade Hands              Tmut           ###.......   83%         5    ######.


Dungeon Overview and Level Annotations

Branches:
Dungeon (6/15)
 Temple: D:4-7

Altars:
Okawaru


Innate Abilities, Weirdness & Mutations

((You can breathe blasts of noxious fumes.))
((Your lurid green scales are hard. (AC +6)))
You cannot fit into any form of body armour.
((Your system is resistant to poisons. (rPois)))
((You are cold-blooded and may be slowed by cold attacks.))


Message History

Things that are here:
a +0 dagger; a +0 robe; an orc skeleton
Things that are here:
a +0 dagger; a +0 robe; an orc skeleton
Items here: )) [ รท a +0 hand axe; a +0 dagger; a +0 robe; an orc skeleton
Things that are here:
a +0 flail; an orc corpse You butcher the orc corpse.
x - 4 chunks of flesh (gained 2)
Things that are here:
a +0 flail; an orc skeleton
Things that are here:
a +0 flail; an orc skeleton An orc comes into view.
It is wielding a -2 war axe.
An orc is nearby!
An orc is nearby!
An orc is nearby!
The orc misses you.
You hit the orc. You tail-slap the orc.
You kill the orc!
No target in view!
No target in view!
An orc warrior comes into view. It is wielding a +0 long sword.
The orc warrior hits you with a +0 long sword!
You closely miss the orc warrior.
You punch the orc warrior, but do no damage.
The orc warrior hits you with a +0 long sword!
* * * LOW HITPOINT WARNING * * *
Aim: an orc warrior, wielding a +0 long sword and wearing a +0 chain mail You exhale a blast of noxious fumes.
The blast of choking fumes hits the orc warrior but does no damage.
You feel somewhat more hungry.
The orc warrior is engulfed in noxious fumes.
The orc warrior hits you with a +0 long sword!
* * * LOW HITPOINT WARNING * * *
You miscast Spider Form.
You are very lightly contaminated with residual magic.
Waves of light ripple over your body.
The orc warrior is engulfed in noxious fumes.
The orc warrior appears confused.
The orc warrior closely misses you.
Unknown command.
You turn into a venomous arachnid creature.
Your +0 pair of gloves melds into your body.
Unknown command.
You bite the orc warrior!
The orc warrior is poisoned.
The orc warrior is engulfed in noxious fumes.
The orc warrior appears confused.
The orc warrior hits you with a +0 long sword!
You die...

##.##
#..#
##.##
#..#
##.##
#####..#
#.....##
#
##.##..#
.#
#)###s#.#
#.# #o..#
#.# ##.##
#.# ..#
#.# #.#
#.# ..
#.. #.#
.. #.#


You could see an orc warrior (confused).

Vanquished Creatures
  A sky beast (D:5)
  An ogre (D:6)
  A bullfrog (D:2)
  A crimson imp (D:5)
  2 hounds (D:5)
  2 orc priests
  5 orc wizards
  2 iguanas
  A worker ant (D:6)
  3 adders
  2 oozes (D:1)
  An adder zombie (D:5)
  An adder skeleton (D:2)
  6 worms
  3 dart slugs
  2 leopard geckos
  22 orcs
  2 ball pythons
  7 bats
  8 giant cockroaches
  10 goblins
  8 hobgoblins
  5 jackals
  5 kobolds
  3 quokkas
  6 frilled lizards
  5 rats
115 creatures vanquished.

Vanquished Creatures (collateral kills)
  An adder (D:3)
  A hobgoblin (D:2)
2 creatures vanquished.

Grand Total: 117 creatures vanquished

Notes
Turn   | Place    | Note
-------+----------+-------------------------------------------
     0 | D:1      | LostNumber the Draconian Transmuter began the quest for the
                  | Orb.
     0 | D:1      | Reached XP level 1. HP: 16/16 MP: 3/3
   283 | D:1      | Reached XP level 2. HP: 21/23 MP: 3/5
   802 | D:1      | Reached XP level 3. HP: 29/29 MP: 6/6
   806 | D:1      | Learned a level 2 spell: Sticks to Snakes
  1156 | D:2      | Noticed a bullfrog
  1166 | D:2      | Killed a bullfrog
  1166 | D:2      | Reached skill level 4 in Unarmed Combat
  1166 | D:2      | Reached XP level 4. HP: 7/36 MP: 3/7
  1457 | D:2      | Learned a level 3 spell: Spider Form
  1768 | D:2      | Reached XP level 5. HP: 42/42 MP: 7/9
  2868 | D:4      | Reached XP level 6. HP: 39/51 MP: 6/10
  3275 | D:4      | Reached skill level 5 in Unarmed Combat
  3281 | D:4      | Learned a level 4 spell: Ice Form
  3809 | D:5      | Entered Level 5 of the Dungeon
  4331 | D:6      | Noticed a sky beast
  4343 | D:5      | Killed a sky beast
  4343 | D:5      | Your scales start taking on a lurid green colour.
  4343 | D:5      | Reached XP level 7. HP: 32/58 MP: 3/12
  4343 | D:5      | Gained mutation: Your system is resistant to poisons.
                  | (rPois) [Green Draconian growth]
  4523 | D:6      | Found an iron altar of Okawaru.
  4847 | D:6      | Reached skill level 6 in Unarmed Combat
  5191 | D:6      | Slain by an orc warrior

Skill      XL: |  1  2  3  4  5  6  7 |
---------------+----------------------+-----
Fighting       | 2 3 4 |  4.2
Unarmed Combat | 4 5 6 |  6.1
Transmutations | 3 4 |  4.2
Spellcasting   | 3 4 |  4.0
Dodging        | |  1.7

Action                   |  1- 3 |  4- 6 |  7- 9 || total
-------------------------+-------+-------+-------++-------
Melee: Unarmed           |   102 |   245 |    61 ||   408
       Tailslap          |     9 |    23 |     5 ||    37
       Kick              |     5 |     7 |     2 ||    14
       Headbutt          |     3 |     7 |     1 ||    11
       Punch             |       |     7 |     1 ||     8
 Cast: Beastly Appendage |     9 |    14 |     4 ||    27
       Sticks to Snakes  |     1 |     1 |       ||     2
       Spider Form       |       |     5 |     3 ||     8
 Abil: Breathe Noxious F |       |       |     4 ||     4
 Stab: Sleeping          |       |     4 |       ||     4
       Confused          |       |       |     1 ||     1
  Eat: Chunk             |     1 |    11 |     4 ||    16
Armor: Skin              |    39 |    71 |    12 ||   122
Dodge: Dodged            |    70 |   162 |    33 ||   265
